 Dungeon Crawl Stone Soup version 0.30-a0-174-gbc10bd73c2 (webtiles) character file.

Game seed: 15871720796963683697

202156 qw the Severer (level 19, -3/121 HPs)
             Began as a Gargoyle Fighter on Oct 1, 2022.
             Was a High Priest of Okawaru.
             Slain by a naga warrior
             ... wielding a +0 glaive
              (44 damage)
             ... on level 4 of the Snake Pit.
             The game lasted 00:16:16 (31430 turns).

qw the Severer (Gargoyle Fighter)                  Turns: 31430, Time: 00:16:17

Health: -3/121     AC: 52    Str: 26    XL:     19   Next: 1%
Magic:  14/26      EV: 14    Int: 23    God:    Okawaru [*****.]
Gold:   1635       SH: 29    Dex: 11    Spells: 18/18 levels left

rFire   . . .      SeeInvis +    D - +8 broad axe of Theory {venom, rF- Int+6 Dex+2}
rCold   . . .      Faith    .    t - +2 tower shield {AC+3}
rNeg    + . .      Spirit   .    y - +5 plate armour {rF+}
rPois   inf        Reflect  +    g - +2 helmet "Luoxzago" {Int+6}
rElec   +          Harm     .    w - +0 cloak
rCorr   .          Rampage  .    c - +1 pair of gloves
Will    +....                    F - +1 pair of boots {Fly}
Stlth   ..........               z - amulet of reflection
HPRegen 0.40/turn                i - ring of see invisible
MPRegen 0.20/turn                m - +4 ring of evasion

@: heroic, finesse-ful, weakened, flying
A: sickness immunity, AC +14, big wings, negative energy resistance 1,
electricity resistance, torment resistance 1, petrification resistance, claws 1
a: Renounce Religion, Heroism, Finesse, Duel


You were on level 4 of the Snake Pit.
You worshipped Okawaru.
Okawaru was extremely pleased with you.
You visited 6 branches of the dungeon, and saw 30 of its levels.
You also visited: Gauntlet.

You collected 2902 gold pieces.
You spent 1267 gold pieces at shops.


Innate Abilities, Weirdness & Mutations

You are immune to sickness and miasma.
Your stone body is resilient. (AC +14)
You are immune to poison.
Your large and strong wings let you fly.
You resist negative energy. (rN+)
You are resistant to electric shocks. (rElec)
You are resistant to unholy torment.
You are immune to petrification.
You have sharp fingernails.


   Skills:
 - Level 14.0(19.0) Fighting
 - Level 18.0(23.0) Axes
 + Level 7.8(12.8) Throwing
 - Level 14.0(19.0) Armour
 - Level 4.0(9.0) Dodging
 - Level 18.0(23.0) Shields
 - Level 10.0 Invocations


You had 18 spell levels left.
You didn't know any spells.
Your spell library was empty.

Inventory:

Hand Weapons
 k - a +0 broad axe of flaming
 D - the +8 broad axe of Theory (weapon) {venom, rF- Int+6 Dex+2}
   (Okawaru gifted it to you on level 14 of the Dungeon)

   It poisons the flesh of those it strikes.
   Int:       It affects your intelligence (+6).
   Dex:       It affects your dexterity (+2).
   rF:        It makes you vulnerable to fire.
Missiles
 l - 8 javelins
 C - 8 boomerangs
 E - 3 silver javelins (quivered)
Armour
 c - a +1 pair of gloves (worn)
 g - the +2 helmet "Luoxzago" (worn) {Int+6}
   (You found it on level 3 of the Lair of Beasts)

   Int:       It affects your intelligence (+6).
 t - a +2 tower shield of protection (worn)
 w - a +0 cloak (worn)
 x - +0 acid dragon scales
 y - a +5 plate armour of fire resistance (worn)
 F - a +1 pair of boots of flying (worn)
Jewellery
 i - a ring of see invisible (left hand)
 m - a +4 ring of evasion (right hand)
 n - a +4 ring of protection
 q - a ring of resist corrosion
 s - a ring of ice
 u - the ring "Ororiog" {Fire rCorr}
   (You bought it in a shop on level 2 of the Orcish Mines)

   [ring of fire]

   It enhances your fire magic.
   rF:        It protects you from fire.
   rC:        It makes you vulnerable to cold.
   rCorr:     It protects you from acid and corrosion.
 z - an amulet of reflection (around neck)
 B - a ring of fire
Scrolls
 a - 13 scrolls of identify
 f - 6 scrolls of teleportation
Potions
 b - 3 potions of mutation
 d - 6 potions of might
 e - 7 potions of haste
 h - 2 potions of cancellation
 j - 7 potions of heal wounds
 o - 6 potions of attraction
 p - 5 potions of curing
 r - 2 potions of resistance
 v - 3 potions of lignification
 A - a potion of magic

Dungeon Overview and Level Annotations

Branches:
Dungeon (15/15)            Temple (1/1) D:5            Lair (5/5) D:10
  Swamp (3/4) Lair:2        Snake (4/4) Lair:3        Slime (0/5) Lair:4
    Orc (2/2) D:10            Elf (0/3) Orc:2        Vaults (0/5) D:13
 Depths (0/4) D:15        Gauntlet (visited)

Altars:
Ashenzari
Cheibriados
Dithmenos
Elyvilon
Fedhas
Gozag
Hepliaklqana
Kikubaaqudgha
Makhleb
Nemelex Xobeh
Okawaru
Qazlal
Ru
Sif Muna
Trog
Uskayaw
Vehumet
Wu Jian
Xom
Yredelemnul
Zin
The Shining One
Jiyva

Shops:
D:9 =   Orc:2 =*[:(   Snake:1 [

Annotations:
D:6 2 runed translucent doors, qw's ghost, novice GrFi
D:13 1 runed translucent door, qw's ghost, journeyman GrFi
Swamp:1 1 runed translucent door
Snake:4 1 transporter, qw's ghost, veteran GrFi


Message History

The salamander is heavily wounded.
You block the salamander's attack.
You hit the salamander.
The salamander looks as sick as possible!
The salamander is heavily wounded.
The salamander shoots an arrow.
You reflect the arrow off an invisible shield around you!
The arrow hits the salamander!
You kill the salamander!
Okawaru accepts your kill.
A naga comes into view. It is wielding a +0 battleaxe.
You slice the salamander!!
You kill the salamander!
Okawaru accepts your kill.
You hit the naga.
The naga is lightly wounded.
You slash the naga!
The naga is heavily wounded.
You slice the naga!!
You kill the naga!
Okawaru accepts your kill.
The naga warrior roars a battlecry!
The naga goes into a battle-frenzy!
You hit the naga warrior.
The naga warrior is poisoned.
The naga warrior is lightly wounded.
You slice the naga warrior!!
The naga warrior looks as sick as possible!
The naga warrior is moderately wounded.
The naga spits poison at you.
The splash of poison reflects off an invisible shield around you!
The splash of poison hits the naga.
You block the naga warrior's attack. The naga warrior misses you.
You hit the naga warrior.
The naga warrior is moderately wounded.
You slash the naga warrior!
The naga warrior is heavily wounded.
You hit the naga warrior but do no damage.
The naga warrior is heavily wounded.
The naga warrior hits you with a +0 glaive!!!
You die...

...# ...+ #..# #..#
# . #.N# # ... #..#
. # .... #.)# ...#
....'#).###########
....
#..@).))....... #..
####NN))).))......
###
.......).)))......
........)%)........
...................
............./.....
###
...............\...
...
...................
)..
.:................
...


You could see 2 naga warriors and a naga (strong, catching breath).

Vanquished Creatures
  Saint Roka (Orc:2)
  Jorgrun (Swamp:1)
  A thorn hunter (Swamp:3)
  2 fenstrider witches (Swamp:3)
  Donald (Snake:4)
  Roxanne (D:15)
  4 nagarajas
  A frost giant (D:15)
  An orc warlord (Orc:1)
  A very ugly thing (D:15)
  An ironbound preserver (D:13)
  2 eleionomae
  3 bunyips
  A minotaur (Gauntlet)
  Snorg (D:13)
  Josephine (D:15)
  A shambling mangrove (Swamp:1)
  6 hydras
  A catoblepas (Lair:2)
  2 ghost crabs
  2 salamander tyrants
  4 anacondas
  5 centaur warriors
  Erica (D:11)
  A two-headed ogre (D:10)
  5 boulder beetles
  11 alligators
  A death knight (D:15)
  5 naga warriors
  2 tengu warriors (D:15)
  6 naga sharpshooters
  3 death yaks (Lair:5)
  4 spriggans
  A shock serpent (Snake:2)
  6 orc high priests
  Sonja (Orc:2)
  A fire crab (Gauntlet)
  6 salamander mystics
  A skeletal warrior (D:13)
  3 spriggan druids
  4 sea snakes (Snake:3)
  3 swamp dragons (Swamp:2)
  4 goliath frogs
  6 naga ritualists
  A bog body (Swamp:3)
  A deep elf archer (Orc:1)
  A wizard (D:15)
  7 orc knights
  3 deep elf zephyrmancers (Orc:1)
  4 deep elf pyromancers
  Pikel (D:8)
  9 mana vipers
  A lindwurm (Lair:5)
  4 orc sorcerers
  An oklob plant (Lair:3)
  6 cyclopes
  2 manticores
  2 will-o-the-wisps
  32 ugly things
  20 salamanders
  13 elephants
  30 black mambas
  2 guardian serpents
  19 naga magi
  25 cane toads
  A gargoyle (D:10)
  2 torpor snails (Lair:5)
  A yaktaur (D:13)
  2 smoke demons (Gauntlet)
  7 komodo dragons
  A kobold demonologist (D:11)
  An unseen horror (D:10)
  An efreet (D:13)
  3 rime drakes
  A tengu conjurer (D:15)
  2 red devils (Gauntlet)
  6 trolls
  2 polar bears (Lair:3)
  A queen bee (D:11)
  7 hornets
  8 tyrant leeches
  27 blink frogs
  20 slime creatures
  3 dream sheep (Lair:5)
  Sigmund (D:6)
  A centaur simulacrum (D:15)
  8 wraiths
  A culicivora (shapeshifter) (D:13)
  42 yaks
  4 fire bats (Gauntlet)
  3 vampires
  3 wyverns
  12 vampire mosquitoes
  8 basilisks
  A steam dragon (D:8)
  Menkaure (D:7)
  4 acid dragons
  3 wargs
  30 nagas
  17 water moccasins
  7 swamp worms
  4 swamp drakes
  2 black bears
  An ice beast (D:5)
  49 orc warriors
  A sky beast (D:6)
  7 boggarts
  15 wolves
  15 centaurs
  8 ogres
  A phantom (D:6)
  4 lemures (D:8)
  2 kobold brigands
  3 gnoll sergeants
  15 bullfrogs
  A necrophage (D:6)
  A scorpion (D:5)
  29 killer bees
  3 howler monkeys
  3 electric eels
  6 crimson imps (Gauntlet)
  16 jellies
  6 hounds
  2 gnoll boudas (D:5)
  29 orc priests
  8 iguanas
  Ijyb (D:4)
  19 orc wizards
  28 gnolls
  8 adders
  2 shadow imps
  2 white imps
  An ufetubus (D:6)
  5 dart slugs
  97 orcs
  8 endoplasms
  6 giant cockroaches
  6 goblins
  4 hobgoblins
  2 jackals (D:5)
  A quokka (D:1)
  4 ball pythons
  4 bats
  3 frilled lizards
  14 kobolds
  5 rats
  A butterfly (Lair:2)
997 creatures vanquished.

Vanquished Creatures (others)
  A bunyip (Swamp:3)
  A wizard (Gauntlet)
  A deep elf pyromancer (D:14)
  A bloated husk (Swamp:1)
  2 orc warriors (Orc:1)
  10 foxfires
  39 fungi
  152 plants
207 creatures vanquished.

Grand Total: 1204 creatures vanquished

Notes
Turn   | Place    | Note
-------+----------+-------------------------------------------
     0 | D:1      | qw the Gargoyle Fighter began the quest for the Orb.
     0 | D:1      | Reached XP level 1. HP: 14/14 MP: 1/1
     0 | D:1      | 0 ||| qw: Version: 0.2-a-13-gfc7b4b4
     0 | D:1      | 0 ||| qw: Game counter: 1864
     0 | D:1      | 0 ||| qw: Always use a shield: true
     0 | D:1      | 0 ||| qw: God list: Okawaru
     0 | D:1      | 0 ||| qw: Allow faded altars: false
     0 | D:1      | 0 ||| qw: Do Orc after D:15 true
     0 | D:1      | 0 ||| qw: Do second Lair branch before Depths: true
     0 | D:1      | 0 ||| qw: Lair rune preference: random
     0 | D:1      | 0 ||| qw: Plans: Normal, Zot:1-4, God:TSO, Crypt, Tomb,
                  | Pan, Slime:5, Hells, Abyss, Orb
     0 | D:1      | 0 ||| PLANNING D:1-11
   306 | D:1      | Noticed a great orb of eyes
   308 | D:1      | Found a faded altar of an unknown god.
   310 | D:1      | Noticed a shining eye
   310 | D:1      | Noticed a great orb of eyes
   310 | D:1      | Noticed a great orb of eyes
   364 | D:1      | Reached XP level 2. HP: 19/19 MP: 2/2
   417 | D:1      | 417 ||| Stepping ~*~*~tactically~*~*~ (stealth).
   423 | D:1      | 423 ||| Stepping ~*~*~tactically~*~*~ (stealth).
   427 | D:1      | Reached skill level 3 in Axes
   635 | D:1      | Reached XP level 3. HP: 23/23 MP: 3/3
   856 | D:1      | 856 ||| UPGRADING to ring of see invisible.
   857 | D:1      | 857 ||| UPGRADING to +4 ring of evasion.
   858 | D:1      | 858 ||| READING 2 scrolls labelled XUOREO MUMO.
   859 | D:1      | 859 ||| READING scroll labelled QUTTIZOTOG.
   862 | D:1      | 862 ||| READING scroll labelled UNI CIPSODOI.
   863 | D:1      | 863 ||| READING scroll labelled PETOSUBUGA.
   864 | D:1      | 864 ||| READING scroll labelled AZOIMPUZYPS.
   865 | D:1      | 865 ||| READING scroll labelled XAORCHAFU AMAO.
   866 | D:1      | 866 ||| READING scroll labelled SEUKOL YLYM.
   996 | D:2      | 996 ||| Stepping ~*~*~tactically~*~*~ (hiding).
  1022 | D:2      | 1022 ||| Stepping ~*~*~tactically~*~*~ (stealth).
  1091 | D:2      | 1091 ||| Stepping ~*~*~tactically~*~*~ (hiding).
  1646 | D:2      | 1646 ||| DROPPING +0 club.
  1850 | D:2      | Reached XP level 4. HP: 28/28 MP: 4/4
  1865 | D:2      | 1865 ||| UPGRADING to +1 hat.
  1870 | D:2      | 1870 ||| READING scroll of enchant armour.
  1870 | D:2      | 1870 ||| ENCHANTING +1 hat.
  1871 | D:2      | 1871 ||| READING scroll labelled XARINN JUNLU.
  1872 | D:2      | 1872 ||| DRINKING 2 bubbling silvery potions.
  1873 | D:2      | 1873 ||| DRINKING 2 brown potions.
  1874 | D:2      | 1874 ||| DRINKING 2 ruby potions.
  1875 | D:2      | 1875 ||| DRINKING 2 emerald potions.
  1876 | D:2      | 1876 ||| DROPPING potion of degeneration.
  1918 | D:3      | 1918 ||| Stepping ~*~*~tactically~*~*~ (stealth).
  1919 | D:3      | 1919 ||| Stepping ~*~*~tactically~*~*~ (stealth).
  2102 | D:3      | 2102 ||| Stepping ~*~*~tactically~*~*~ (stealth).
  2133 | D:3      | Found a blossoming altar of Fedhas.
  2133 | D:3      | Found a glowing silver altar of Zin.
  2209 | D:3      | 2209 ||| Stepping ~*~*~tactically~*~*~ (hiding).
  2433 | D:3      | Reached XP level 5. HP: 32/32 MP: 5/5
  2465 | D:3      | 2465 ||| Stepping ~*~*~tactically~*~*~ (stealth).
  2901 | D:3      | 2901 ||| READING scroll labelled XOH JIUXEMOI.
  2902 | D:3      | 2902 ||| READING scroll labelled FURU YNTOALUAZ.
  2963 | D:4      | 2963 ||| READING scroll of enchant weapon.
  2963 | D:4      | 2963 ||| ENCHANTING +1 war axe.
  2975 | D:4      | 2975 ||| STAIRDANCE
  2996 | D:4      | Noticed a black bear
  3008 | D:4      | Killed a black bear
  3009 | D:4      | Reached XP level 6. HP: 20/39 MP: 6/6
  3041 | D:4      | 3041 ||| FLEEEEING.
  3042 | D:4      | 3042 ||| FLEEEEING.
  3045 | D:4      | 3045 ||| STAIRDANCE
  3095 | D:4      | 3095 ||| DROPPING +0 whip.
  3131 | D:4      | 3131 ||| Stepping ~*~*~tactically~*~*~ (stealth).
  3134 | D:4      | 3134 ||| Stepping ~*~*~tactically~*~*~ (hiding).
  3184 | D:4      | Noticed Ijyb
  3197 | D:4      | Reached skill level 1 in Dodging
  3200 | D:4      | Killed Ijyb
  3397 | D:4      | 3397 ||| Stepping ~*~*~tactically~*~*~ (stealth).
  3485 | D:4      | 3485 ||| UPGRADING to +2 chain mail of cold resistance.
  3495 | D:4      | 3495 ||| DROPPING +0 scale mail.
  3496 | D:4      | 3496 ||| DRINKING 2 murky pink potions.
  3496 | D:4      | Gained mutation: You have large cloven feet. [potion of
                  | mutation]
  3496 | D:4      | Gained mutation: You are frail. (-10% HP) [potion of
                  | mutation]
  3497 | D:4      | 3497 ||| DRINKING potion of mutation.
  3497 | D:4      | Lost mutation: You have large cloven feet. [potion of
                  | mutation]
  3497 | D:4      | Lost mutation: You are frail. (-10% HP) [potion of
                  | mutation]
  3497 | D:4      | Gained mutation: You are vulnerable to heat. (rF-) [potion
                  | of mutation]
  3497 | D:4      | Gained mutation: Your large and strong wings let you fly.
                  | [potion of mutation]
  3497 | D:4      | Gained mutation: You are dopey. (Int -2) [potion of
                  | mutation]
  3543 | D:5      | Entered Level 5 of the Dungeon
  3582 | D:5      | You are sucked into a shaft and drop 1 floor!
  3604 | D:6      | 3604 ||| Stepping ~*~*~tactically~*~*~ (stealth).
  3612 | D:6      | Noticed Sigmund
  3614 | D:6      | 3614 ||| DRINKING 3 potions of curing.
  3614 | D:6      | 3614 ||| (to cure confusion)
  3621 | D:6      | Reached skill level 6 in Axes
  3621 | D:6      | Reached XP level 7. HP: 34/44 MP: 7/7
  3629 | D:6      | Killed Sigmund
  3686 | D:6      | 3686 ||| DROPPING +0 flail.
  3727 | D:6      | Reached XP level 8. HP: 48/50 MP: 8/8
  3740 | D:6      | 3740 ||| FLEEEEING.
  3741 | D:6      | 3741 ||| FLEEEEING.
  3742 | D:6      | 3742 ||| STAIRDANCE
  4117 | D:5      | 4117 ||| Stepping ~*~*~tactically~*~*~ (hiding).
  4189 | D:5      | Found a white marble altar of Elyvilon.
  4247 | D:5      | Found a staircase to the Ecumenical Temple.
  4248 | D:5      | 4248 ||| PLANNING TEMPLE
  4248 | D:5      | 4248 ||| UPGRADING to amulet of regeneration.
  4262 | Temple   | Entered the Ecumenical Temple
  4354 | Temple   | 4354 ||| PLANNING OKAWARU WORSHIP
  4406 | Temple   | Became a worshipper of Warmaster Okawaru
  4407 | Temple   | 4407 ||| PLANNING D:1-11
  4624 | D:5      | Reached skill level 6 in Fighting
  5013 | D:6      | 5013 ||| STAIRDANCE
  5027 | D:6      | 5027 ||| STAIRDANCE
  5050 | D:6      | 5050 ||| DRINKING 3 potions of curing.
  5050 | D:6      | 5050 ||| (to cure confusion)
  5060 | D:6      | Reached skill level 9 in Axes
  5162 | D:6      | 5162 ||| Stepping ~*~*~tactically~*~*~ (stealth).
  5175 | D:6      | Reached XP level 9. HP: 55/55 MP: 9/9
  5262 | D:6      | Reached * piety under Okawaru
  5287 | D:6      | 5287 ||| Stepping ~*~*~tactically~*~*~ (hiding).
  5293 | D:6      | 5293 ||| INVOKING Heroism.
  5308 | D:6      | Reached skill level 1 in Invocations
  5522 | D:6      | Found a large runed translucent door.
  5522 | D:6      | Found a large runed translucent door.
  5524 | D:6      | Noticed qw's ghost (novice GrFi)
  5529 | D:6      | 5529 ||| READING 2 scrolls labelled EGEZXO QAEFOI.
  5530 | D:6      | 5530 ||| DROPPING scroll of fear.
  5679 | D:7      | 5679 ||| INVOKING Heroism.
  5823 | D:7      | Noticed Menkaure
  5824 | D:7      | Reached skill level 3 in Invocations
  5824 | D:7      | 5824 ||| Stepping ~*~*~tactically~*~*~ (stealth).
  5827 | D:7      | 5827 ||| FLEEEEING.
  5837 | D:7      | 5837 ||| INVOKING Heroism.
  5845 | D:7      | Killed Menkaure
  5917 | D:7      | Found an opulent altar of Gozag.
  5991 | D:7      | 5991 ||| DRINKING potion of mutation.
  5991 | D:7      | Lost mutation: You are dopey. (Int -2) [potion of mutation]
  5991 | D:7      | Lost mutation: You are vulnerable to heat. (rF-) [potion of
                  | mutation]
  5991 | D:7      | Gained mutation: You have sharp fingernails. [potion of
                  | mutation]
  6061 | D:7      | 6061 ||| INVOKING Heroism.
  6204 | D:7      | 6204 ||| Stepping ~*~*~tactically~*~*~ (hiding).
  6207 | D:7      | 6207 ||| INVOKING Heroism.
  6393 | D:7      | 6393 ||| DROPPING orb of wrath.
  6394 | D:7      | 6394 ||| UPGRADING to +0 cloak.
  6399 | D:7      | 6399 ||| READING scroll labelled YTAOBL MAACAO.
  6400 | D:7      | 6400 ||| READING 3 scrolls of identify.
  6400 | D:7      | 6400 ||| IDENTIFYING puce potion
  6401 | D:7      | 6401 ||| READING 2 scrolls of identify.
  6401 | D:7      | 6401 ||| IDENTIFYING sapphire potion
  6402 | D:7      | 6402 ||| DROPPING potion of flight.
  6442 | D:8      | 6442 ||| Stepping ~*~*~tactically~*~*~ (hiding).
  6444 | D:8      | 6444 ||| INVOKING Heroism.
  6480 | D:8      | 6480 ||| Stepping ~*~*~tactically~*~*~ (stealth).
  6481 | D:8      | 6481 ||| Stepping ~*~*~tactically~*~*~ (stealth).
  6485 | D:8      | 6485 ||| INVOKING Heroism.
  6502 | D:8      | Reached skill level 1 in Throwing
  6582 | D:8      | 6582 ||| Stepping ~*~*~tactically~*~*~ (hiding).
  6590 | D:8      | Reached ** piety under Okawaru
  6632 | D:8      | 6632 ||| INVOKING Heroism.
  6680 | D:8      | 6680 ||| Stepping ~*~*~tactically~*~*~ (cloud).
  6684 | D:8      | 6684 ||| INVOKING Heroism.
  6690 | D:8      | Reached XP level 10. HP: 59/63 MP: 10/13
  6690 | D:8      | 6690 ||| Stepping ~*~*~tactically~*~*~ (cloud).
  6733 | D:8      | 6733 ||| Stepping ~*~*~tactically~*~*~ (stealth).
  6749 | D:8      | Noticed Pikel
  6750 | D:8      | 6750 ||| Stepping ~*~*~tactically~*~*~ (stealth).
  6777 | D:8      | Killed Pikel
  6917 | D:8      | Found a sparkling altar of Nemelex Xobeh.
  6917 | D:8      | Found a shadowy altar of Dithmenos.
  7004 | D:8      | 7004 ||| INVOKING Heroism.
  7041 | D:8      | 7041 ||| DROPPING +1 vorpal flail.
  7135 | D:9      | Found a flagged portal.
  7182 | D:9      | 7182 ||| Stepping ~*~*~tactically~*~*~ (stealth).
  7184 | D:9      | 7184 ||| Stepping ~*~*~tactically~*~*~ (hiding).
  7185 | D:9      | 7185 ||| Stepping ~*~*~tactically~*~*~ (hiding).
  7186 | D:9      | 7186 ||| Stepping ~*~*~tactically~*~*~ (hiding).
  7187 | D:9      | 7187 ||| Stepping ~*~*~tactically~*~*~ (hiding).
  7194 | D:9      | 7194 ||| INVOKING Heroism.
  7290 | D:9      | 7290 ||| INVOKING Heroism.
  7536 | D:9      | 7536 ||| INVOKING Heroism.
  7544 | D:9      | Reached *** piety under Okawaru
  7634 | D:9      | 7634 ||| Stepping ~*~*~tactically~*~*~ (stealth).
  7636 | D:9      | 7636 ||| Stepping ~*~*~tactically~*~*~ (stealth).
  7648 | D:9      | 7648 ||| Stepping ~*~*~tactically~*~*~ (stealth).
  7726 | D:9      | Found a glowing golden altar of the Shining One.
  7923 | D:9      | 7923 ||| INVOKING Heroism.
  7953 | D:9      | 7953 ||| SWAPPING to +0 broad axe.
  7954 | D:9      | 7954 ||| DROPPING +2 war axe.
  7995 | D:9      | Found Namusk's Jewellery Shoppe.
  8003 | D:9      | 8003 ||| BUYING amulet of reflection (360 gold).
  8003 | D:9      | Bought an amulet of reflection for 360 gold pieces
  8003 | D:9      | 8003 ||| SHOPLISTING ring of Attitude {Fire Str+5 Slay+2}
                  | (610 gold, have 143).
  8003 | D:9      | 8003 ||| SHOPLISTING ring of fire (300 gold, have 143).
  8004 | D:9      | 8004 ||| Stepping ~*~*~tactically~*~*~ (stealth).
  8006 | D:9      | 8006 ||| Stepping ~*~*~tactically~*~*~ (hiding).
  8145 | D:9      | 8145 ||| UPGRADING to amulet of reflection.
  8155 | D:9      | 8155 ||| DROPPING amulet of regeneration.
  8156 | D:9      | 8156 ||| READING scroll labelled SUFY LULUPRYJ.
  8157 | D:9      | 8157 ||| READING 2 scrolls of identify.
  8157 | D:9      | 8157 ||| IDENTIFYING fuming white potion
  8256 | D:8      | Found a stormy altar of Qazlal.
  8256 | D:8      | Found a hazy altar of Hepliaklqana.
  8265 | D:8      | 8265 ||| UPGRADING to +0 kite shield.
  8275 | D:8      | 8275 ||| DROPPING +0 buckler.
  8308 | D:10     | Entered Level 10 of the Dungeon
  8309 | D:10     | 8309 ||| INVOKING Heroism.
  8409 | D:10     | Found a staircase to the Orcish Mines.
  8441 | D:10     | 8441 ||| Stepping ~*~*~tactically~*~*~ (stealth).
  8443 | D:10     | 8443 ||| Stepping ~*~*~tactically~*~*~ (stealth).
  8453 | D:10     | Reached skill level 6 in Shields
  8558 | D:10     | Noticed an unseen horror
  8577 | D:10     | Killed an unseen horror
  8661 | D:10     | 8661 ||| INVOKING Heroism.
  8664 | D:10     | 8664 ||| READING 7 scrolls of teleportation.
  8686 | D:10     | Noticed a gargoyle
  8696 | D:10     | Killed a gargoyle
  8762 | D:10     | Reached **** piety under Okawaru
  8763 | D:10     | Reached XP level 11. HP: 69/69 MP: 14/14
  8905 | D:10     | 8905 ||| INVOKING Heroism.
  8906 | D:10     | 8906 ||| Stepping ~*~*~tactically~*~*~ (stealth).
  8950 | D:10     | Noticed a two-headed ogre
  8950 | D:10     | 8950 ||| INVOKING Heroism.
  8956 | D:10     | Killed a two-headed ogre
  8986 | D:10     | 8986 ||| Stepping ~*~*~tactically~*~*~ (stealth).
  9032 | D:10     | 9032 ||| Stepping ~*~*~tactically~*~*~ (stealth).
  9045 | D:10     | 9045 ||| Stepping ~*~*~tactically~*~*~ (stealth).
  9051 | D:10     | 9051 ||| INVOKING Heroism.
  9052 | D:10     | 9052 ||| READING 6 scrolls of teleportation.
  9176 | D:10     | Found a staircase to the Lair.
  9219 | D:10     | 9219 ||| Stepping ~*~*~tactically~*~*~ (stealth).
  9221 | D:10     | 9221 ||| Stepping ~*~*~tactically~*~*~ (hiding).
  9236 | D:10     | Reached skill level 9 in Shields
  9318 | D:10     | 9318 ||| Stepping ~*~*~tactically~*~*~ (stealth).
  9320 | D:10     | 9320 ||| Stepping ~*~*~tactically~*~*~ (stealth).
  9326 | D:10     | 9326 ||| Stepping ~*~*~tactically~*~*~ (stealth).
  9327 | D:10     | 9327 ||| INVOKING Heroism.
  9330 | D:10     | 9330 ||| Stepping ~*~*~tactically~*~*~ (stealth).
  9343 | D:10     | 9343 ||| INVOKING Heroism.
  9519 | D:10     | Found a sacrificial altar of Ru.
  9661 | D:10     | 9661 ||| PLANNING LAIR
  9661 | D:10     | 9661 ||| DRINKING 2 lumpy white potions.
  9662 | D:10     | 9662 ||| DROPPING potion of brilliance.
  9681 | D:10     | 9681 ||| Stepping ~*~*~tactically~*~*~ (hiding).
  9799 | Lair:1   | Entered Level 1 of the Lair of Beasts
  9810 | Lair:1   | 9810 ||| INVOKING Heroism.
  9823 | Lair:1   | Reached ***** piety under Okawaru
  9858 | Lair:1   | 9858 ||| INVOKING Heroism.
  9866 | Lair:1   | Reached skill level 6 in Invocations
 10133 | Lair:1   | Reached skill level 9 in Fighting
 10275 | Lair:1   | 10275 ||| INVOKING Heroism.
 10436 | Lair:1   | 10436 ||| INVOKING Heroism.
 10633 | Lair:1   | 10633 ||| UPGRADING to +0 pair of gloves.
 10651 | Lair:2   | 10651 ||| INVOKING Heroism.
 10697 | Lair:2   | 10697 ||| Stepping ~*~*~tactically~*~*~ (stealth).
 10699 | Lair:2   | 10699 ||| Stepping ~*~*~tactically~*~*~ (stealth).
 10701 | Lair:2   | 10701 ||| INVOKING Heroism.
 10703 | Lair:2   | 10703 ||| Stepping ~*~*~tactically~*~*~ (stealth).
 10724 | Lair:2   | Reached skill level 6 in Armour
 10744 | Lair:2   | 10744 ||| READING scroll of enchant weapon.
 10744 | Lair:2   | 10744 ||| ENCHANTING +0 broad axe.
 10753 | Lair:2   | 10753 ||| INVOKING Heroism.
 10797 | Lair:2   | 10797 ||| Stepping ~*~*~tactically~*~*~ (stealth).
 10802 | Lair:2   | 10802 ||| INVOKING Heroism.
 10812 | Lair:2   | Reached XP level 12. HP: 69/76 MP: 15/18
 10955 | Lair:2   | 10955 ||| INVOKING Heroism.
 10965 | Lair:2   | Identified the +6 executioner's axe of Chaos {vorpal,
                  | *Corrode rPois Will+} (Okawaru gifted it to you on level 2
                  | of the Lair of Beasts)
 10965 | Lair:2   | Received a gift from Okawaru
 11055 | Lair:2   | 11055 ||| INVOKING Heroism.
 11058 | Lair:2   | 11058 ||| Stepping ~*~*~tactically~*~*~ (hiding).
 11165 | Lair:2   | 11165 ||| Stepping ~*~*~tactically~*~*~ (hiding).
 11171 | Lair:2   | 11171 ||| INVOKING Heroism.
 11231 | Lair:2   | Noticed a catoblepas
 11232 | Lair:2   | 11232 ||| INVOKING Heroism.
 11234 | Lair:2   | 11234 ||| INVOKING Finesse.
 11247 | Lair:2   | Killed a catoblepas
 11248 | Lair:2   | Reached skill level 9 in Invocations
 11348 | Lair:2   | 11348 ||| READING scroll of enchant armour.
 11348 | Lair:2   | 11348 ||| ENCHANTING +0 pair of gloves.
 11370 | Lair:2   | 11370 ||| INVOKING Heroism.
 11493 | Lair:2   | Reached skill level 12 in Axes
 11932 | Lair:2   | Noticed an eight-headed hydra
 11933 | Lair:2   | 11933 ||| INVOKING Heroism.
 11934 | Lair:2   | 11934 ||| INVOKING Finesse.
 11935 | Lair:2   | 11935 ||| SWAPPING to +1 flail of protection.
 11945 | Lair:2   | Killed an eight-headed hydra
 11946 | Lair:2   | 11946 ||| SWAPPING to +1 broad axe.
 11946 | Lair:2   | Noticed a five-headed hydra
 11947 | Lair:2   | 11947 ||| Stepping ~*~*~tactically~*~*~ (stealth).
 11948 | Lair:2   | 11948 ||| SWAPPING to +1 flail of protection.
 11960 | Lair:2   | Killed a five-headed hydra
 11961 | Lair:2   | 11961 ||| SWAPPING to +1 broad axe.
 12033 | Lair:2   | Found a staircase to the Swamp.
 12149 | Lair:2   | 12149 ||| DROPPING +0 plate armour.
 12150 | Lair:2   | 12150 ||| UPGRADING to +2 plate armour of fire resistance.
 12198 | Lair:3   | 12198 ||| Stepping ~*~*~tactically~*~*~ (hiding).
 12200 | Lair:3   | 12200 ||| Stepping ~*~*~tactically~*~*~ (hiding).
 12223 | Lair:3   | 12223 ||| Stepping ~*~*~tactically~*~*~ (stealth).
 12245 | Lair:3   | 12245 ||| INVOKING Heroism.
 12246 | Lair:3   | 12246 ||| INVOKING Finesse.
 12378 | Lair:3   | 12378 ||| INVOKING Heroism.
 12511 | Lair:3   | Found a staircase to the Snake Pit.
 12551 | Lair:3   | 12551 ||| Stepping ~*~*~tactically~*~*~ (stealth).
 12552 | Lair:3   | 12552 ||| Stepping ~*~*~tactically~*~*~ (stealth).
 12553 | Lair:3   | 12553 ||| Stepping ~*~*~tactically~*~*~ (stealth).
 12605 | Lair:3   | 12605 ||| Stepping ~*~*~tactically~*~*~ (hiding).
 12621 | Lair:3   | Received a gift from Okawaru
 12640 | Lair:3   | 12640 ||| INVOKING Heroism.
 12691 | Lair:3   | 12691 ||| INVOKING Heroism.
 12864 | Lair:3   | 12864 ||| Stepping ~*~*~tactically~*~*~ (stealth).
 12867 | Lair:3   | 12867 ||| Stepping ~*~*~tactically~*~*~ (stealth).
 12869 | Lair:3   | 12869 ||| Stepping ~*~*~tactically~*~*~ (stealth).
 12886 | Lair:3   | 12886 ||| INVOKING Heroism.
 12890 | Lair:3   | Reached skill level 9 in Armour
 12907 | Lair:3   | Reached XP level 13. HP: 48/80 MP: 20/20
 13009 | Lair:3   | Identified the +2 helmet "Luoxzago" {Int+6}
 13457 | Lair:3   | 13457 ||| UPGRADING to +2 helmet "Luoxzago" {Int+6}.
 13467 | Lair:3   | 13467 ||| DROPPING +2 hat.
 13624 | Lair:4   | 13624 ||| INVOKING Heroism.
 13768 | Lair:4   | 13768 ||| Stepping ~*~*~tactically~*~*~ (stealth).
 13771 | Lair:4   | 13771 ||| Stepping ~*~*~tactically~*~*~ (stealth).
 13774 | Lair:4   | 13774 ||| Stepping ~*~*~tactically~*~*~ (stealth).
 13921 | Lair:4   | Found a staircase to the Slime Pits.
 13960 | Lair:4   | Found a viscous altar of Jiyva.
 14044 | Lair:4   | 14044 ||| INVOKING Heroism.
 14047 | Lair:4   | 14047 ||| Stepping ~*~*~tactically~*~*~ (stealth).
 14150 | Lair:4   | 14150 ||| INVOKING Heroism.
 14280 | Lair:4   | 14280 ||| INVOKING Heroism.
 14281 | Lair:4   | 14281 ||| INVOKING Finesse.
 14283 | Lair:4   | 14283 ||| SWAPPING to +1 flail of protection.
 14293 | Lair:4   | Identified the +0 tower shield of Fortitude {Str+4}
                  | (Okawaru gifted it to you on level 4 of the Lair of Beasts)
 14293 | Lair:4   | Received a gift from Okawaru
 14294 | Lair:4   | 14294 ||| SWAPPING to +1 broad axe.
 14407 | Lair:4   | 14407 ||| Stepping ~*~*~tactically~*~*~ (stealth).
 14409 | Lair:4   | 14409 ||| INVOKING Heroism.
 14502 | Lair:4   | 14502 ||| DROPPING +0 pair of gloves of stealth.
 14503 | Lair:4   | 14503 ||| UPGRADING to +0 tower shield of Fortitude
                  | {Str+4}.
 14513 | Lair:4   | 14513 ||| DROPPING +0 kite shield.
 14514 | Lair:4   | 14514 ||| READING 2 scrolls of identify.
 14514 | Lair:4   | 14514 ||| IDENTIFYING purple potion
 14573 | Lair:5   | Entered Level 5 of the Lair of Beasts
 14574 | Lair:5   | 14574 ||| INVOKING Heroism.
 14611 | Lair:5   | 14611 ||| INVOKING Heroism.
 14660 | Lair:5   | 14660 ||| INVOKING Heroism.
 14662 | Lair:5   | 14662 ||| Stepping ~*~*~tactically~*~*~ (hiding).
 14663 | Lair:5   | 14663 ||| INVOKING Finesse.
 14678 | Lair:5   | 14678 ||| Stepping ~*~*~tactically~*~*~ (stealth).
 14680 | Lair:5   | 14680 ||| Stepping ~*~*~tactically~*~*~ (stealth).
 14693 | Lair:5   | Reached skill level 12 in Shields
 14722 | Lair:5   | 14722 ||| INVOKING Heroism.
 14726 | Lair:5   | 14726 ||| SWAPPING to +1 flail of protection.
 14739 | Lair:5   | 14739 ||| SWAPPING to +1 broad axe.
 14744 | Lair:5   | 14744 ||| Stepping ~*~*~tactically~*~*~ (stealth).
 14747 | Lair:5   | 14747 ||| Stepping ~*~*~tactically~*~*~ (stealth).
 14754 | Lair:5   | 14754 ||| Stepping ~*~*~tactically~*~*~ (stealth).
 14755 | Lair:5   | 14755 ||| Stepping ~*~*~tactically~*~*~ (stealth).
 14785 | Lair:5   | 14785 ||| Stepping ~*~*~tactically~*~*~ (stealth).
 14794 | Lair:5   | 14794 ||| INVOKING Heroism.
 14846 | Lair:5   | 14846 ||| INVOKING Heroism.
 14876 | Lair:5   | 14876 ||| INVOKING Heroism.
 14900 | Lair:5   | Received a gift from Okawaru
 14905 | Lair:5   | 14905 ||| INVOKING Heroism.
 14944 | Lair:5   | 14944 ||| INVOKING Heroism.
 14961 | Lair:5   | Mutation became permanent: Your large and strong wings let
                  | you fly. [Gargoyle growth]
 14961 | Lair:5   | Gained mutation: Your large and strong wings let you fly.
                  | [Gargoyle growth]
 14961 | Lair:5   | Reached XP level 14. HP: 83/88 MP: 21/21
 15109 | Lair:5   | 15109 ||| Stepping ~*~*~tactically~*~*~ (stealth).
 15121 | Lair:5   | 15121 ||| INVOKING Heroism.
 15144 | Lair:5   | 15144 ||| Stepping ~*~*~tactically~*~*~ (stealth).
 15240 | Lair:5   | Received a gift from Okawaru
 15297 | Lair:5   | 15297 ||| Stepping ~*~*~tactically~*~*~ (stealth).
 15300 | Lair:5   | 15300 ||| Stepping ~*~*~tactically~*~*~ (stealth).
 15307 | Lair:5   | 15307 ||| Stepping ~*~*~tactically~*~*~ (stealth).
 15384 | Lair:5   | 15384 ||| Stepping ~*~*~tactically~*~*~ (stealth).
 15385 | Lair:5   | 15385 ||| Stepping ~*~*~tactically~*~*~ (stealth).
 15386 | Lair:5   | 15386 ||| Stepping ~*~*~tactically~*~*~ (stealth).
 15391 | Lair:5   | 15391 ||| Stepping ~*~*~tactically~*~*~ (stealth).
 15393 | Lair:5   | 15393 ||| INVOKING Heroism.
 15468 | Lair:5   | 15468 ||| FLEEEEING.
 15469 | Lair:5   | 15469 ||| FLEEEEING.
 15471 | Lair:5   | Received a gift from Okawaru
 15476 | Lair:5   | 15476 ||| STAIRDANCE
 15510 | Lair:4   | 15510 ||| UPGRADING to +0 pair of boots.
 15522 | Lair:5   | 15522 ||| DROPPING +1 war axe of venom.
 15567 | Lair:5   | 15567 ||| Stepping ~*~*~tactically~*~*~ (stealth).
 15656 | Lair:5   | Identified the +3 shortbow "Cistoug" {vorpal, *Slow rC++
                  | rN+ Will+}
 15668 | Lair:5   | Found the +3 Elemental Staff {rElec rF++ rC++ AC+5}
 15673 | Lair:5   | Identified the +5 mace of Unbearable Integrity {freeze,
                  | rCorr Str+4}
 15687 | Lair:5   | 15687 ||| INVOKING Heroism.
 15698 | Lair:5   | Reached skill level 15 in Shields
 15756 | Lair:5   | 15756 ||| Stepping ~*~*~tactically~*~*~ (stealth).
 15757 | Lair:5   | 15757 ||| Stepping ~*~*~tactically~*~*~ (stealth).
 15761 | Lair:5   | 15761 ||| INVOKING Heroism.
 15989 | Lair:5   | 15989 ||| INVOKING Heroism.
 16175 | Lair:5   | 16175 ||| PLANNING D:1-11
 16319 | D:11     | 16319 ||| INVOKING Heroism.
 16343 | D:11     | Reached skill level 3 in Throwing
 16375 | D:11     | 16375 ||| INVOKING Heroism.
 16417 | D:11     | 16417 ||| INVOKING Heroism.
 16467 | D:11     | Noticed Erica
 16468 | D:11     | 16468 ||| INVOKING Heroism.
 16469 | D:11     | 16469 ||| INVOKING Finesse.
 16492 | D:11     | Killed Erica
 16589 | D:11     | 16589 ||| Stepping ~*~*~tactically~*~*~ (stealth).
 16591 | D:11     | 16591 ||| INVOKING Heroism.
 16592 | D:11     | 16592 ||| Stepping ~*~*~tactically~*~*~ (stealth).
 16610 | D:11     | 16610 ||| Stepping ~*~*~tactically~*~*~ (stealth).
 16611 | D:11     | 16611 ||| INVOKING Heroism.
 16613 | D:11     | 16613 ||| READING 8 scrolls of teleportation.
 16736 | D:11     | 16736 ||| READING scroll of enchant armour.
 16736 | D:11     | 16736 ||| ENCHANTING +2 plate armour of fire resistance.
 16776 | D:11     | 16776 ||| INVOKING Heroism.
 16984 | D:11     | 16984 ||| PLANNING D
 16984 | D:11     | 16984 ||| DROPPING potion of ambrosia.
 17007 | D:12     | 17007 ||| PLANNING GAUNTLET
 17093 | D:12     | 17093 ||| Stepping ~*~*~tactically~*~*~ (stealth).
 17142 | D:12     | 17142 ||| INVOKING Heroism.
 17219 | D:12     | 17219 ||| INVOKING Heroism.
 17387 | D:12     | Found a gate leading to a gauntlet.
 17395 | Gauntlet | Entered a Gauntlet
 17395 | Gauntlet | Found a transporter.
 17395 | Gauntlet | Found a transporter.
 17396 | Gauntlet | Found a transporter.
 17399 | Gauntlet | Found a transporter.
 17411 | Gauntlet | Found a transporter.
 17411 | Gauntlet | Noticed a quicksilver ooze
 17439 | Gauntlet | Found a transporter.
 17477 | Gauntlet | Found a transporter.
 17487 | Gauntlet | Found a transporter.
 17503 | Gauntlet | Found a transporter.
 17513 | Gauntlet | Found a transporter.
 17528 | Gauntlet | Found a transporter.
 17534 | Gauntlet | Found a transporter.
 17599 | Gauntlet | 17599 ||| INVOKING Heroism.
 17669 | Gauntlet | 17669 ||| DROPPING ring of wizardry.
 17670 | Gauntlet | 17670 ||| DRINKING 2 bubbling pink potions.
 17774 | Gauntlet | 17774 ||| DROPPING amulet of the acrobat.
 17781 | Gauntlet | 17781 ||| INVOKING Heroism.
 17782 | Gauntlet | 17782 ||| INVOKING Finesse.
 17849 | Gauntlet | 17849 ||| INVOKING Heroism.
 17850 | Gauntlet | 17850 ||| INVOKING Finesse.
 18001 | Gauntlet | Identified the +10 dagger of the Snake Pit {flame, rElec
                  | rPois Str-3}
 18002 | Gauntlet | 18002 ||| INVOKING Heroism.
 18003 | Gauntlet | 18003 ||| INVOKING Finesse.
 18108 | Gauntlet | 18108 ||| READING 2 scrolls of identify.
 18108 | Gauntlet | 18108 ||| IDENTIFYING viscous ruby potion
 18109 | Gauntlet | 18109 ||| DROPPING potion of berserk rage.
 18154 | D:12     | 18154 ||| PLANNING D
 18253 | D:12     | 18253 ||| Stepping ~*~*~tactically~*~*~ (stealth).
 18256 | D:12     | 18256 ||| Stepping ~*~*~tactically~*~*~ (hiding).
 18259 | D:12     | 18259 ||| INVOKING Heroism.
 18264 | D:12     | 18264 ||| READING 7 scrolls of teleportation.
 18483 | D:12     | 18483 ||| INVOKING Heroism.
 18683 | D:12     | 18683 ||| Stepping ~*~*~tactically~*~*~ (hiding).
 18688 | D:12     | 18688 ||| Stepping ~*~*~tactically~*~*~ (stealth).
 18693 | D:12     | 18693 ||| INVOKING Heroism.
 18764 | D:12     | 18764 ||| Stepping ~*~*~tactically~*~*~ (stealth).
 18871 | D:12     | 18871 ||| INVOKING Heroism.
 18881 | D:12     | HP: 22/88 [very large slime creature (38)]
 18882 | D:12     | 18882 ||| READING 6 scrolls of teleportation.
 18884 | D:12     | HP: 9/88 [slime creature (14)]
 18885 | D:12     | 18885 ||| DRINKING 7 potions of heal wounds.
 19124 | D:12     | 19124 ||| Stepping ~*~*~tactically~*~*~ (stealth).
 19126 | D:12     | 19126 ||| Stepping ~*~*~tactically~*~*~ (stealth).
 19127 | D:12     | 19127 ||| Stepping ~*~*~tactically~*~*~ (stealth).
 19135 | D:12     | 19135 ||| INVOKING Heroism.
 19237 | D:12     | 19237 ||| READING 2 scrolls of identify.
 19237 | D:12     | 19237 ||| IDENTIFYING cyan potion
 19238 | D:12     | 19238 ||| DRINKING potion of experience.
 19238 | D:12     | Reached skill level 6 in Throwing
 19238 | D:12     | Reached XP level 15. HP: 92/92 MP: 22/22
 19422 | D:13     | 19422 ||| INVOKING Heroism.
 19428 | D:13     | Reached XP level 16. HP: 71/99 MP: 21/23
 19516 | D:13     | 19516 ||| INVOKING Heroism.
 19531 | D:13     | 19531 ||| INVOKING Finesse.
 19579 | D:13     | Found a gate to the Vaults.
 19595 | D:13     | 19595 ||| Stepping ~*~*~tactically~*~*~ (hiding).
 19739 | D:13     | 19739 ||| INVOKING Heroism.
 19995 | D:13     | Noticed Snorg
 19996 | D:13     | 19996 ||| INVOKING Heroism.
 19997 | D:13     | 19997 ||| INVOKING Finesse.
 20021 | D:13     | Killed Snorg
 20101 | D:13     | Found a runed translucent door.
 20103 | D:13     | Identified the +6 trident "Plog" {vorpal, rElec rF++ Int+4}
 20149 | D:13     | Noticed qw's ghost (journeyman GrFi)
 20157 | D:13     | 20157 ||| READING scroll labelled GEPLECV JISOISSANT.
 20258 | D:14     | 20258 ||| INVOKING Heroism.
 20350 | D:14     | 20350 ||| INVOKING Heroism.
 20556 | D:14     | 20556 ||| INVOKING Heroism.
 20568 | D:14     | 20568 ||| INVOKING Heroism.
 20571 | D:14     | Identified the +8 broad axe of Theory {venom, rF- Int+6
                  | Dex+2} (Okawaru gifted it to you on level 14 of the
                  | Dungeon)
 20571 | D:14     | Received a gift from Okawaru
 20593 | D:14     | 20593 ||| SWAPPING to +8 broad axe of Theory {venom, rF-
                  | Int+6 Dex+2}.
 20748 | D:14     | 20748 ||| Stepping ~*~*~tactically~*~*~ (hiding).
 20934 | D:14     | 20934 ||| Stepping ~*~*~tactically~*~*~ (hiding).
 20961 | D:14     | Found a stormy altar of Qazlal.
 20962 | D:14     | 20962 ||| Stepping ~*~*~tactically~*~*~ (stealth).
 21123 | D:14     | Reached skill level 3 in Dodging
 21212 | D:14     | 21212 ||| DROPPING ring of magical power.
 21213 | D:14     | 21213 ||| READING scroll labelled EMODIO LESUN.
 21240 | D:15     | Entered Level 15 of the Dungeon
 21240 | D:15     | Noticed Josephine
 21241 | D:15     | 21241 ||| INVOKING Heroism.
 21248 | D:15     | Killed Josephine
 21251 | D:15     | 21251 ||| INVOKING Finesse.
 21467 | D:15     | Identified Roxanne's Cyclopedia of Transformation
 21467 | D:15     | Noticed Roxanne
 21468 | D:15     | 21468 ||| INVOKING Heroism.
 21469 | D:15     | 21469 ||| INVOKING Finesse.
 21490 | D:15     | Killed Roxanne
 21491 | D:15     | 21491 ||| Stepping ~*~*~tactically~*~*~ (stealth).
 21492 | D:15     | 21492 ||| SWAPPING to +1 flail of protection.
 21493 | D:15     | 21493 ||| Stepping ~*~*~tactically~*~*~ (stealth).
 21502 | D:15     | 21502 ||| SWAPPING to +8 broad axe of Theory {venom, rF-
                  | Int+6 Dex+2}.
 21516 | D:15     | 21516 ||| Stepping ~*~*~tactically~*~*~ (stealth).
 21521 | D:15     | 21521 ||| Stepping ~*~*~tactically~*~*~ (stealth).
 21536 | D:15     | Reached skill level 15 in Axes
 21631 | D:15     | 21631 ||| INVOKING Heroism.
 21648 | D:15     | Received a gift from Okawaru
 21665 | D:15     | Reached skill level 12 in Fighting
 21718 | D:15     | Found a frozen archway.
 21767 | D:15     | 21767 ||| FLEEEEING.
 21768 | D:15     | 21768 ||| STAIRDANCE
 21875 | D:15     | 21875 ||| STAIRDANCE
 21885 | D:15     | 21885 ||| STAIRDANCE
 21890 | D:15     | 21890 ||| STAIRDANCE
 21892 | D:14     | 21892 ||| INVOKING Heroism.
 21967 | D:15     | 21967 ||| DROPPING +1 flail of protection.
 21968 | D:15     | 21968 ||| DROPPING +5 mace of Unbearable Integrity {freeze,
                  | rCorr Str+4}.
 21982 | D:15     | 21982 ||| FLEEEEING.
 21983 | D:15     | 21983 ||| FLEEEEING.
 21984 | D:15     | 21984 ||| FLEEEEING.
 21985 | D:15     | 21985 ||| Stepping ~*~*~tactically~*~*~ (hiding).
 21989 | D:15     | 21989 ||| Stepping ~*~*~tactically~*~*~ (hiding).
 22064 | D:15     | Found a staircase to the Depths.
 22065 | D:15     | 22065 ||| INVOKING Heroism.
 22066 | D:15     | 22066 ||| INVOKING Finesse.
 22077 | D:15     | Received a gift from Okawaru
 22366 | D:15     | 22366 ||| Stepping ~*~*~tactically~*~*~ (stealth).
 22373 | D:15     | 22373 ||| INVOKING Heroism.
 22378 | D:15     | 22378 ||| Stepping ~*~*~tactically~*~*~ (stealth).
 22481 | D:15     | 22481 ||| PLANNING ORC
 22618 | Orc:1    | Entered Level 1 of the Orcish Mines
 22619 | Orc:1    | 22619 ||| INVOKING Heroism.
 22710 | Orc:2    | Entered Level 2 of the Orcish Mines
 22711 | Orc:2    | 22711 ||| STAIRDANCE
 22817 | Orc:2    | 22817 ||| STAIRDANCE
 22841 | Orc:2    | 22841 ||| STAIRDANCE
 22848 | Orc:2    | 22848 ||| STAIRDANCE
 22855 | Orc:2    | 22855 ||| STAIRDANCE
 22871 | Orc:2    | 22871 ||| STAIRDANCE
 22878 | Orc:2    | 22878 ||| STAIRDANCE
 22880 | Orc:1    | 22880 ||| DRINKING 6 potions of curing.
 22880 | Orc:1    | 22880 ||| (to cure confusion)
 22885 | Orc:2    | 22885 ||| STAIRDANCE
 22893 | Orc:2    | 22893 ||| STAIRDANCE
 22961 | Orc:2    | 22961 ||| STAIRDANCE
 22967 | Orc:2    | 22967 ||| STAIRDANCE
 23012 | Orc:2    | 23012 ||| STAIRDANCE
 23018 | Orc:2    | 23018 ||| STAIRDANCE
 23020 | Orc:1    | 23020 ||| DRINKING 5 potions of curing.
 23020 | Orc:1    | 23020 ||| (to cure confusion)
 23024 | Orc:2    | 23024 ||| INVOKING Heroism.
 23025 | Orc:2    | 23025 ||| STAIRDANCE
 23060 | Orc:2    | 23060 ||| STAIRDANCE
 23070 | Orc:2    | 23070 ||| STAIRDANCE
 23118 | Orc:2    | 23118 ||| INVOKING Heroism.
 23136 | Orc:2    | Found Jeobear's Antique Weapon Shoppe.
 23177 | Orc:2    | 23177 ||| Stepping ~*~*~tactically~*~*~ (hiding).
 23178 | Orc:2    | 23178 ||| Stepping ~*~*~tactically~*~*~ (hiding).
 23183 | Orc:2    | 23183 ||| Stepping ~*~*~tactically~*~*~ (stealth).
 23184 | Orc:2    | 23184 ||| Stepping ~*~*~tactically~*~*~ (stealth).
 23184 | Orc:2    | Found a staircase to the Elven Halls.
 23192 | Orc:2    | 23192 ||| Stepping ~*~*~tactically~*~*~ (hiding).
 23193 | Orc:2    | 23193 ||| Stepping ~*~*~tactically~*~*~ (hiding).
 23196 | Orc:2    | 23196 ||| Stepping ~*~*~tactically~*~*~ (hiding).
 23197 | Orc:2    | 23197 ||| Stepping ~*~*~tactically~*~*~ (hiding).
 23198 | Orc:2    | 23198 ||| Stepping ~*~*~tactically~*~*~ (hiding).
 23199 | Orc:2    | 23199 ||| INVOKING Heroism.
 23208 | Orc:2    | 23208 ||| Stepping ~*~*~tactically~*~*~ (stealth).
 23210 | Orc:2    | 23210 ||| Stepping ~*~*~tactically~*~*~ (stealth).
 23258 | Orc:2    | 23258 ||| Stepping ~*~*~tactically~*~*~ (stealth).
 23259 | Orc:2    | 23259 ||| Stepping ~*~*~tactically~*~*~ (stealth).
 23261 | Orc:2    | 23261 ||| Stepping ~*~*~tactically~*~*~ (stealth).
 23270 | Orc:2    | 23270 ||| Stepping ~*~*~tactically~*~*~ (stealth).
 23272 | Orc:2    | 23272 ||| Stepping ~*~*~tactically~*~*~ (hiding).
 23281 | Orc:2    | 23281 ||| Stepping ~*~*~tactically~*~*~ (stealth).
 23292 | Orc:2    | 23292 ||| Stepping ~*~*~tactically~*~*~ (stealth).
 23293 | Orc:2    | 23293 ||| Stepping ~*~*~tactically~*~*~ (stealth).
 23294 | Orc:2    | 23294 ||| Stepping ~*~*~tactically~*~*~ (stealth).
 23297 | Orc:2    | 23297 ||| INVOKING Heroism.
 23299 | Orc:2    | 23299 ||| Stepping ~*~*~tactically~*~*~ (hiding).
 23308 | Orc:2    | 23308 ||| Stepping ~*~*~tactically~*~*~ (stealth).
 23309 | Orc:2    | 23309 ||| Stepping ~*~*~tactically~*~*~ (stealth).
 23310 | Orc:2    | 23310 ||| Stepping ~*~*~tactically~*~*~ (stealth).
 23334 | Orc:2    | 23334 ||| Stepping ~*~*~tactically~*~*~ (stealth).
 23336 | Orc:2    | Noticed Saint Roka
 23337 | Orc:2    | 23337 ||| Stepping ~*~*~tactically~*~*~ (stealth).
 23345 | Orc:2    | 23345 ||| Stepping ~*~*~tactically~*~*~ (stealth).
 23403 | Orc:2    | 23403 ||| Stepping ~*~*~tactically~*~*~ (stealth).
 23404 | Orc:2    | 23404 ||| Stepping ~*~*~tactically~*~*~ (stealth).
 23405 | Orc:2    | 23405 ||| Stepping ~*~*~tactically~*~*~ (stealth).
 23406 | Orc:2    | 23406 ||| Stepping ~*~*~tactically~*~*~ (stealth).
 23407 | Orc:2    | 23407 ||| Stepping ~*~*~tactically~*~*~ (stealth).
 23408 | Orc:2    | 23408 ||| Stepping ~*~*~tactically~*~*~ (stealth).
 23414 | Orc:2    | 23414 ||| INVOKING Heroism.
 23437 | Orc:2    | Noticed Sonja
 23438 | Orc:2    | 23438 ||| INVOKING Finesse.
 23440 | Orc:2    | 23440 ||| INVOKING Heroism.
 23441 | Orc:2    | Killed Sonja
 23442 | Orc:2    | Reached XP level 17. HP: 89/106 MP: 16/24
 23444 | Orc:2    | 23444 ||| Stepping ~*~*~tactically~*~*~ (hiding).
 23445 | Orc:2    | 23445 ||| Stepping ~*~*~tactically~*~*~ (hiding).
 23446 | Orc:2    | 23446 ||| Stepping ~*~*~tactically~*~*~ (hiding).
 23500 | Orc:2    | 23500 ||| Stepping ~*~*~tactically~*~*~ (hiding).
 23518 | Orc:2    | 23518 ||| INVOKING Heroism.
 23531 | Orc:2    | 23531 ||| Stepping ~*~*~tactically~*~*~ (hiding).
 23536 | Orc:2    | 23536 ||| Stepping ~*~*~tactically~*~*~ (hiding).
 23537 | Orc:2    | 23537 ||| Stepping ~*~*~tactically~*~*~ (hiding).
 23549 | Orc:2    | Received a gift from Okawaru
 23620 | Orc:2    | 23620 ||| Stepping ~*~*~tactically~*~*~ (stealth).
 23627 | Orc:2    | 23627 ||| Stepping ~*~*~tactically~*~*~ (stealth).
 23636 | Orc:2    | 23636 ||| DROPPING +2 hand axe of flaming.
 23637 | Orc:2    | 23637 ||| DROPPING +1 broad axe.
 23645 | Orc:2    | 23645 ||| Stepping ~*~*~tactically~*~*~ (hiding).
 23646 | Orc:2    | 23646 ||| Stepping ~*~*~tactically~*~*~ (hiding).
 23647 | Orc:2    | 23647 ||| Stepping ~*~*~tactically~*~*~ (hiding).
 23648 | Orc:2    | 23648 ||| INVOKING Heroism.
 23649 | Orc:2    | 23649 ||| Stepping ~*~*~tactically~*~*~ (hiding).
 23650 | Orc:2    | 23650 ||| INVOKING Finesse.
 23681 | Orc:2    | Killed Saint Roka
 23716 | Orc:2    | 23716 ||| FLEEEEING.
 23718 | Orc:2    | 23718 ||| FLEEEEING.
 23719 | Orc:2    | 23719 ||| FLEEEEING.
 23768 | Orc:2    | 23768 ||| FLEEEEING.
 23775 | Orc:2    | 23775 ||| STAIRDANCE
 23777 | Orc:1    | 23777 ||| INVOKING Heroism.
 23885 | Orc:2    | 23885 ||| Stepping ~*~*~tactically~*~*~ (hiding).
 23888 | Orc:2    | 23888 ||| Stepping ~*~*~tactically~*~*~ (hiding).
 23903 | Orc:2    | 23903 ||| Stepping ~*~*~tactically~*~*~ (stealth).
 23955 | Orc:2    | 23955 ||| Stepping ~*~*~tactically~*~*~ (stealth).
 23956 | Orc:2    | 23956 ||| Stepping ~*~*~tactically~*~*~ (stealth).
 23958 | Orc:2    | 23958 ||| Stepping ~*~*~tactically~*~*~ (hiding).
 23969 | Orc:2    | Reached skill level 12 in Armour
 23971 | Orc:2    | 23971 ||| Stepping ~*~*~tactically~*~*~ (stealth).
 24000 | Orc:2    | Found Irehaen's Jewellery Boutique.
 24000 | Orc:2    | Found Guiblyll's Book Boutique.
 24001 | Orc:2    | Found Unlidgh's Assorted Antiques.
 24001 | Orc:2    | Found Furieqyi's Antique Armour Boutique.
 24008 | Orc:2    | 24008 ||| BUYING ring "Ororiog" {Fire rCorr} (526 gold).
 24008 | Orc:2    | Bought the ring "Ororiog" {Fire rCorr} for 526 gold pieces
 24009 | Orc:2    | 24009 ||| BUYING potion of attraction (90 gold).
 24009 | Orc:2    | Bought a potion of attraction for 90 gold pieces
 24009 | Orc:2    | 24009 ||| BUYING scroll of identify (60 gold).
 24009 | Orc:2    | Bought a scroll of identify for 60 gold pieces
 24011 | Orc:2    | 24011 ||| SHOPLISTING glowing pearl dragon scales (2552
                  | gold, have 1029).
 24011 | Orc:2    | 24011 ||| SHOPLISTING gold dragon scales (2000 gold, have
                  | 1029).
 24329 | Orc:1    | 24329 ||| INVOKING Heroism.
 24354 | Orc:1    | Received a gift from Okawaru
 24358 | Orc:1    | Paralysed by an orc sorcerer for 3 turns
 24364 | Orc:1    | 24364 ||| READING 6 scrolls of teleportation.
 24365 | Orc:1    | HP: 10/104 [orc sorcerer/bolt of fire (18)]
 24366 | Orc:1    | 24366 ||| DRINKING 7 potions of heal wounds.
 24600 | Orc:1    | 24600 ||| Stepping ~*~*~tactically~*~*~ (hiding).
 24614 | Orc:1    | 24614 ||| Stepping ~*~*~tactically~*~*~ (hiding).
 24736 | Orc:1    | 24736 ||| INVOKING Heroism.
 24737 | Orc:1    | 24737 ||| INVOKING Finesse.
 24954 | Orc:1    | 24954 ||| PLANNING SNAKE:1-3
 25087 | Snake:1  | Entered Level 1 of the Snake Pit
 25092 | Snake:1  | 25092 ||| Stepping ~*~*~tactically~*~*~ (hiding).
 25096 | Snake:1  | 25096 ||| INVOKING Heroism.
 25102 | Snake:1  | 25102 ||| Stepping ~*~*~tactically~*~*~ (hiding).
 25103 | Snake:1  | 25103 ||| Stepping ~*~*~tactically~*~*~ (hiding).
 25195 | Snake:1  | Found Gitox's Armour Emporium.
 25209 | Snake:1  | 25209 ||| BUYING +1 pair of boots of flying (231 gold).
 25209 | Snake:1  | Bought a +1 pair of boots of flying for 231 gold pieces
 25257 | Snake:1  | 25257 ||| Stepping ~*~*~tactically~*~*~ (hiding).
 25269 | Snake:1  | 25269 ||| INVOKING Heroism.
 25318 | Snake:1  | Received a gift from Okawaru
 25326 | Snake:1  | 25326 ||| Stepping ~*~*~tactically~*~*~ (stealth).
 25332 | Snake:1  | 25332 ||| INVOKING Heroism.
 25802 | Snake:1  | Received a gift from Okawaru
 25994 | Snake:1  | 25994 ||| DROPPING +0 war axe of flaming.
 26035 | Snake:1  | 26035 ||| INVOKING Heroism.
 26085 | Snake:1  | 26085 ||| UPGRADING to +1 pair of boots of flying.
 26095 | Snake:1  | 26095 ||| DROPPING +0 pair of boots.
 26096 | Snake:1  | 26096 ||| READING scroll labelled REDOMO TAOQESHAQ.
 26155 | Snake:2  | 26155 ||| INVOKING Heroism.
 26177 | Snake:2  | Received a gift from Okawaru
 26265 | Snake:2  | 26265 ||| INVOKING Heroism.
 26330 | Snake:2  | 26330 ||| Stepping ~*~*~tactically~*~*~ (hiding).
 26332 | Snake:2  | 26332 ||| Stepping ~*~*~tactically~*~*~ (hiding).
 26424 | Snake:2  | 26424 ||| Stepping ~*~*~tactically~*~*~ (hiding).
 26850 | Snake:2  | 26850 ||| Stepping ~*~*~tactically~*~*~ (hiding).
 26867 | Snake:2  | 26867 ||| Stepping ~*~*~tactically~*~*~ (hiding).
 26868 | Snake:2  | 26868 ||| Stepping ~*~*~tactically~*~*~ (hiding).
 26938 | Snake:2  | 26938 ||| Stepping ~*~*~tactically~*~*~ (stealth).
 26939 | Snake:2  | 26939 ||| Stepping ~*~*~tactically~*~*~ (stealth).
 27067 | Snake:2  | 27067 ||| Stepping ~*~*~tactically~*~*~ (hiding).
 27200 | Snake:2  | 27200 ||| Stepping ~*~*~tactically~*~*~ (hiding).
 27203 | Snake:2  | 27203 ||| Stepping ~*~*~tactically~*~*~ (hiding).
 27206 | Snake:2  | 27206 ||| Stepping ~*~*~tactically~*~*~ (hiding).
 27207 | Snake:2  | 27207 ||| Stepping ~*~*~tactically~*~*~ (hiding).
 27374 | Snake:2  | 27374 ||| INVOKING Heroism.
 27608 | Snake:2  | 27608 ||| UPGRADING to +2 tower shield of protection.
 27618 | Snake:2  | 27618 ||| DROPPING +0 tower shield of Fortitude {Str+4}.
 27652 | Snake:3  | 27652 ||| INVOKING Heroism.
 27692 | Snake:3  | 27692 ||| INVOKING Heroism.
 27726 | Snake:3  | Reached XP level 18. HP: 87/114 MP: 25/25
 27852 | Snake:3  | 27852 ||| READING scroll of enchant armour.
 27852 | Snake:3  | 27852 ||| ENCHANTING +3 plate armour of fire resistance.
 27939 | Snake:3  | 27939 ||| Stepping ~*~*~tactically~*~*~ (stealth).
 28006 | Snake:3  | 28006 ||| INVOKING Heroism.
 28056 | Snake:3  | 28056 ||| INVOKING Heroism.
 28521 | Snake:3  | 28521 ||| INVOKING Heroism.
 28538 | Snake:3  | Received a gift from Okawaru
 28733 | Snake:3  | 28733 ||| PLANNING SWAMP:1-3
 28835 | Swamp:1  | Entered Level 1 of the Swamp
 28851 | Swamp:1  | Found a runed translucent door.
 28870 | Swamp:1  | 28870 ||| Stepping ~*~*~tactically~*~*~ (hiding).
 28882 | Swamp:1  | 28882 ||| Stepping ~*~*~tactically~*~*~ (hiding).
 28883 | Swamp:1  | 28883 ||| Stepping ~*~*~tactically~*~*~ (hiding).
 28885 | Swamp:1  | 28885 ||| INVOKING Heroism.
 28957 | Swamp:1  | 28957 ||| Stepping ~*~*~tactically~*~*~ (hiding).
 29007 | Swamp:1  | 29007 ||| INVOKING Heroism.
 29078 | Swamp:1  | 29078 ||| Stepping ~*~*~tactically~*~*~ (stealth).
 29080 | Swamp:1  | 29080 ||| Stepping ~*~*~tactically~*~*~ (stealth).
 29081 | Swamp:1  | 29081 ||| INVOKING Heroism.
 29140 | Swamp:1  | 29140 ||| INVOKING Heroism.
 29247 | Swamp:1  | 29247 ||| Stepping ~*~*~tactically~*~*~ (hiding).
 29258 | Swamp:1  | 29258 ||| INVOKING Heroism.
 29262 | Swamp:1  | Received a gift from Okawaru
 29334 | Swamp:1  | Noticed Jorgrun
 29335 | Swamp:1  | 29335 ||| Stepping ~*~*~tactically~*~*~ (hiding).
 29350 | Swamp:1  | 29350 ||| INVOKING Heroism.
 29350 | Swamp:1  | Killed Jorgrun
 29351 | Swamp:1  | Reached skill level 18 in Axes
 29714 | Swamp:2  | 29714 ||| INVOKING Heroism.
 29768 | Swamp:2  | 29768 ||| READING scroll of enchant armour.
 29768 | Swamp:2  | 29768 ||| ENCHANTING +4 plate armour of fire resistance.
 29780 | Swamp:2  | 29780 ||| INVOKING Heroism.
 29870 | Swamp:2  | Identified the +0 falchion "Uwkorr" {vamp, *Rage MP+9 Str+4
                  | Stlth+}
 29895 | Swamp:2  | 29895 ||| Stepping ~*~*~tactically~*~*~ (cloud).
 29901 | Swamp:2  | 29901 ||| INVOKING Heroism.
 29934 | Swamp:2  | 29934 ||| Stepping ~*~*~tactically~*~*~ (hiding).
 29944 | Swamp:2  | 29944 ||| Stepping ~*~*~tactically~*~*~ (cloud).
 30101 | Swamp:2  | 30101 ||| INVOKING Heroism.
 30120 | Swamp:2  | 30120 ||| Stepping ~*~*~tactically~*~*~ (hiding).
 30121 | Swamp:2  | 30121 ||| Stepping ~*~*~tactically~*~*~ (hiding).
 30407 | Swamp:2  | 30407 ||| DROPPING +2 chain mail of cold resistance.
 30408 | Swamp:2  | 30408 ||| DROPPING +1 pair of boots.
 30416 | Swamp:3  | 30416 ||| INVOKING Heroism.
 30417 | Swamp:3  | 30417 ||| INVOKING Finesse.
 30418 | Swamp:3  | 30418 ||| STAIRDANCE
 30459 | Swamp:3  | 30459 ||| INVOKING Finesse.
 30475 | Swamp:3  | 30475 ||| INVOKING Heroism.
 30490 | Swamp:3  | 30490 ||| Stepping ~*~*~tactically~*~*~ (hiding).
 30493 | Swamp:3  | Received a gift from Okawaru
 30528 | Swamp:3  | 30528 ||| INVOKING Heroism.
 31023 | Swamp:3  | 31023 ||| PLANNING SNAKE:4
 31023 | Swamp:3  | 31023 ||| DROPPING +6 ring of dexterity.
 31173 | Snake:4  | Entered Level 4 of the Snake Pit
 31234 | Snake:4  | Reached skill level 18 in Shields
 31255 | Snake:4  | Found a transporter.
 31265 | Snake:4  | Found a bloodstained altar of Trog.
 31265 | Snake:4  | Noticed qw's ghost (veteran GrFi)
 31279 | Snake:4  | 31279 ||| INVOKING Heroism.
 31340 | Snake:4  | HP: 28/116 [constriction (3)]
 31341 | Snake:4  | 31341 ||| READING 7 scrolls of teleportation.
 31342 | Snake:4  | 31342 ||| DRINKING 8 potions of heal wounds.
 31344 | Snake:4  | 31344 ||| INVOKING Heroism.
 31354 | Snake:4  | Received a gift from Okawaru
 31367 | Snake:4  | Noticed Donald
 31368 | Snake:4  | 31368 ||| INVOKING Finesse.
 31370 | Snake:4  | 31370 ||| INVOKING Heroism.
 31391 | Snake:4  | Killed Donald
 31418 | Snake:4  | Reached XP level 19. HP: 39/121 MP: 13/26
 31430 | Snake:4  | Slain by a naga warrior

Levels and vault maps discovered:
D:1:      dpeg_arrival_rooms_b, layout_basic,
          hellmonk_ecumenical_altar_watching_god
D:2:      layout_basic, nicolae_titane
D:3:      layout_basic, chequers_temple_overflow_statue_of_worship
D:4:      layout_cave_pools, uniq_ijyb
D:5:      layout_basic, elyvilon_altar_1, temple_hall
D:6:      layout_cave_pools, ebering_ghost_disaster_area, uniq_sigmund
D:7:      layout_gridville, nicolae_overflow_crystal_walls, uniq_menkaure
D:8:      layout_rooms, nicolae_overflow_hidden_temple, uniq_pikel
D:9:      layout_basic, nicolae_tso_swordbearing_angel, serial_shops,
          kennysheep_mini, enter_bailey_7, item_on_display_a
D:10:     layout_loops_corners, nicolae_ru_the_path_less_chosen,
          david_lair_generic, orc_0_dummy, chequers_serial_rivers_micro_a,
          minmay_fractal_squares_gapless_5
D:11:     layout_roguey [special_room_bee], minmay_misc_feat_hallway,
          hangedman_corner_corridor, uniq_erica
D:12:     layout_roguey, gauntlet_entry_generic
D:13:     layout_roguey, skrybe_vaults_entry_preservation,
          ebering_ghost_funeral_grove, minmay_liquid_box, uniq_snorg
D:14:     layout_long_grid, minmay_misc_feat_enclosed, grunt_qazlal_sundering
D:15:     grunt_enter_depths_snipers, layout_irregular_city,
          portal_ice_cave_entry_ugly_swarm, chequers_serial_rivers_micro_a,
          uniq_josephine, uniq_roxanne
Temple:   nicolae_temple_bog_church
Lair:1:   layout_long_grid, infiniplex_staircase_pool_2
Lair:2:   layout_regular_city, palyth_hydra_swamp_entry,
          infiniplex_staircase_pool, lemuel_fruit_fields
Lair:3:   layout_regular_city, dummy_snake_entry, serial_bayou_shore_b
Lair:4:   layout_gridlike, minmay_slime_entry_jelly_boxes
Lair:5:   minmay_lair_end_frog_pond, layout_loops_ring
Swamp:1:  gammafunk_mikee_crab_dinner, layout_basic_swamp,
          nicolae_swamp_round_clearing, swamp_pool1, uniq_jorgrun
Swamp:2:  layout_basic_swamp, nicolae_swamp_fairy_circle
Swamp:3:  layout_falls_marsh, evilmike_swamp_ruin_house_3, swamp_pool5
Snake:1:  hangedman_cross_stitches, layout_grid_maze, serial_shops,
          nicolae_shop_hallway_stairs
Snake:2:  layout_chambers, grunt_megastairs_5
Snake:3:  layout_cave_shapes, lemuel_fruit_tree, grunt_megastairs_4,
          serial_bayou_shore_b, serial_bayou_shore_a
Snake:4:  snake_pit_salamanders_mu, layout_cave_town,
          gammafunk_ghost_wrathful_warriors, abandoned_shop, uniq_donald
Orc:1:    layout_caves, elf_legates
Orc:2:    st_orc_pillars, layout_diamond_mine, serial_shops, shop, uniq_sonja,
          uniq_saint_roka

Skill      XL: |  1  2  3  4  5  6  7  8  9 10 11 12 13 14 15 16 17 18 |
---------------+-------------------------------------------------------+-----
Axes           | 2 3 4 5 6 7 9 10 11 12 14 15 17 18 | 18.0
Fighting       | 4 5 6 7 8 9 10 12 13 14 | 14.0
Dodging        | 1 2 3 4 |  4.0
Shields        | 4 7 10 14 15 16 17 18 | 18.0
Armour         | 5 6 9 10 11 13 14 | 14.0
Invocations    | 4 8 10 | 10.0
Throwing       | 1 2 6 7 |  7.8

Action                   |  1- 3 |  4- 6 |  7- 9 | 10-12 | 13-15 | 16-18 | 19-21 || total
-------------------------+-------+-------+-------+-------+-------+-------+-------++-------
Melee: War axe           |    79 |   139 |   319 |   167 |       |       |       ||   704
       Broad axe         |       |       |       |   550 |   949 |  1470 |    11 ||  2980
       Flail             |       |       |       |    21 |    18 |     8 |       ||    47
Throw: Boomerang         |       |       |     7 |    82 |    47 |    15 |       ||   151
       Javelin           |       |       |       |       |    31 |   100 |       ||   131
Invok: Heroism           |       |       |     9 |    31 |    38 |    53 |       ||   131
       Finesse           |       |       |       |     3 |     6 |    11 |       ||    20
  Use: Scroll            |     7 |     5 |     4 |     6 |     7 |     7 |       ||    36
       Potion            |       |     7 |     2 |     1 |     3 |     4 |       ||    17
 Stab: Distracted        |       |       |       |     1 |       |       |       ||     1
Armor: Scale mail        |    25 |    45 |       |       |       |       |       ||    70
       Chain mail        |       |    29 |   190 |   205 |       |       |       ||   424
       Plate armour      |       |       |       |    52 |   215 |   422 |       ||   689
Dodge: Dodged            |    42 |    96 |   231 |   247 |   198 |   333 |     1 ||  1148
Block: Buckler           |    13 |    32 |    67 |    27 |       |       |       ||   139
       Kite shield       |       |       |       |   450 |    78 |       |       ||   528
       Reflection        |       |       |       |    10 |     8 |   166 |     2 ||   186
       Tower shield      |       |       |       |       |   801 |  1656 |     4 ||  2461

Table legend:
 A = Non-vault XP
 B = Vault XP
 C = Vault XP percentage of total XP
 D = Non-vault monster count
 E = Vault monster count
 F = Vault count percentage of total count
                 A         B        C        D         E       F
            +---------+---------+-------+---------+---------+-------
      Total |  192478 |   83519 |  30.3 |     720 |     278 |  27.9
            +---------+---------+-------+---------+---------+-------
        D:1 |      42 |       0 |   0.0 |      16 |       0 |   0.0
        D:2 |      40 |       0 |   0.0 |      15 |       0 |   0.0
        D:3 |     148 |       0 |   0.0 |      21 |       0 |   0.0
        D:4 |     316 |      36 |  10.2 |      17 |       1 |   5.6
        D:5 |     865 |       0 |   0.0 |      27 |       0 |   0.0
        D:6 |    1053 |     231 |  18.0 |      23 |       1 |   4.2
        D:7 |     954 |     175 |  15.5 |      19 |       1 |   5.0
        D:8 |    1141 |     593 |  34.2 |      24 |       1 |   4.0
        D:9 |    2109 |      32 |   1.5 |      28 |       4 |  12.5
       D:10 |    2927 |    2173 |  42.6 |      23 |       7 |  23.3
       D:11 |    3109 |    2692 |  46.4 |      13 |      27 |  67.5
       D:12 |    8750 |       0 |   0.0 |      31 |       0 |   0.0
       D:13 |    5438 |    5508 |  50.3 |      16 |      10 |  38.5
       D:14 |   12986 |       0 |   0.0 |      34 |       0 |   0.0
       D:15 |   11815 |   11712 |  49.8 |      29 |      19 |  39.6
     Lair:1 |    3288 |       0 |   0.0 |      20 |       0 |   0.0
     Lair:2 |    8327 |    2745 |  24.8 |      32 |       6 |  15.8
     Lair:3 |    5475 |       0 |   0.0 |      18 |       0 |   0.0
     Lair:4 |    5843 |     600 |   9.3 |      21 |      15 |  41.7
     Lair:5 |   15220 |   11501 |  43.0 |      43 |      38 |  46.9
    Swamp:1 |   13650 |    1913 |  12.3 |      28 |       1 |   3.4
    Swamp:2 |   12382 |       0 |   0.0 |      20 |       0 |   0.0
    Swamp:3 |   11326 |     377 |   3.2 |      16 |       3 |  15.8
    Snake:1 |    8252 |    6662 |  44.7 |      16 |      12 |  42.9
    Snake:2 |   16455 |    3158 |  16.1 |      32 |       6 |  15.8
    Snake:3 |   13058 |    4531 |  25.8 |      29 |       7 |  19.4
    Snake:4 |   21186 |    1319 |   5.9 |      44 |       1 |   2.2
      Orc:1 |    4472 |    8368 |  65.2 |      49 |      23 |  31.9
      Orc:2 |    1851 |   14602 |  88.7 |      16 |      77 |  82.8
   Gauntlet |       0 |    4591 | 100.0 |       0 |      18 | 100.0
            +---------+---------+-------+---------+---------+-------
